 Dungeon Crawl Stone Soup version 0.27.1-34-g3ba077fa99 (webtiles) character file.

Game seed: 13280644543197926123

1484 Renzlar the Shield-Bearer (level 8, -19/67 HPs)
             Began as a Gnoll Fighter on Jan 16, 2022.
             Demolished by an orc warrior (20 damage)
             ... on level 5 of the Dungeon.
             The game lasted 00:13:23 (4619 turns).

Renzlar the Shield-Bearer (Gnoll Fighter)           Turns: 4619, Time: 00:13:23

Health: -19/67     AC: 12    Str: 18    XL:     8   Next: 79%
Magic:  0/13       EV: 10    Int:  8    God:
Gold:   136        SH: 11    Dex: 17    Spells: 14/14 levels left

rFire    + . .     SeeInvis .   a - +1 war axe (vorpal)
rCold    . . .     Faith    .   o - +0 kite shield
rNeg     . . .     Spirit   +   t - +3 scale mail {rF+}
rPois    .         Reflect  .   h - +0 helmet
rElec    .         Harm     .   (no cloak)
rCorr    .         Rampage  .   (no gloves)
Will     .....                  (no boots)
Stlth    +.........             v - amulet of guardian spirit
HPRegen  0.21/turn              g - +6 ring of dexterity
MPRegen  0.13/turn              (no ring)

@: mighty
A: fangs 1, strong nose, distributed training
a: no special abilities


You were on level 5 of the Dungeon.
You visited 1 branch of the dungeon, and saw 5 of its levels.

You collected 136 gold pieces.

Inventory:

Hand Weapons
 a - a +1 vorpal war axe (weapon)
 c - a +0 hunting sling
 e - a +0 short sword of holy wrath
Missiles
 f - 76 stones (quivered)
 i - 19 sling bullets
 l - 65 bolts
 w - 2 throwing nets
Armour
 h - a +0 helmet (worn)
 o - a +0 kite shield (worn)
 t - a +3 scale mail of fire resistance (worn)
Jewellery
 g - a +6 ring of dexterity (left hand)
 v - an amulet of guardian spirit (around neck)
Wands
 x - a wand of digging (5)
Scrolls
 j - 2 scrolls of teleportation
 k - 3 scrolls of identify
 r - a scroll of fog
Potions
 b - 2 potions of brilliance {unknown}
 m - a potion of cancellation
 n - a potion of curing {unknown}
 p - a potion of magic {unknown}
 q - 2 potions of degeneration {unknown}
 s - a potion of haste {unknown}
 u - a potion of berserk rage {unknown}


   Skills:
 + Level 7.5 Fighting
 + Level 3.5 Short Blades
 + Level 3.5 Long Blades
 + Level 5.9 Axes
 + Level 3.5 Maces & Flails
 + Level 3.5 Polearms
 + Level 3.5 Staves
 + Level 3.5 Slings
 + Level 3.5 Bows
 + Level 3.5 Crossbows
 + Level 3.5 Throwing
 + Level 7.5 Armour
 + Level 3.5 Dodging
 + Level 3.5 Stealth
 + Level 7.5 Shields
 + Level 3.5 Unarmed Combat
 + Level 3.5 Spellcasting
 + Level 2.9 Conjurations
 + Level 2.9 Hexes
 + Level 2.9 Summonings
 + Level 2.9 Necromancy
 + Level 2.9 Translocations
 + Level 2.9 Transmutations
 + Level 2.9 Fire Magic
 + Level 2.9 Ice Magic
 + Level 2.9 Air Magic
 + Level 2.9 Earth Magic
 + Level 2.9 Poison Magic
 + Level 3.9 Invocations
 + Level 3.5 Evocations


You had 14 spell levels left.
You didn't know any spells.
Your spell library contained the following spells:

 Spells                   Type           Power      Damage    Failure   Level
 Beastly Appendage        Tmut           12%        N/A       54%         1
 Wereblood                Tmut           6%         N/A       69%         2
 Gell's Gravitas          Tloc           3%         N/A       89%         3
 Portal Projectile        Hex/Tloc       12%        N/A       89%         3
 Spider Form              Tmut/Pois      3%         N/A       89%         3
 Teleport Other           Tloc           6%         N/A       89%         3
 Blade Hands              Tmut           3%         N/A       100%        5
 Excruciating Wounds      Necr           3%         N/A       100%        5
 Dispersal                Tloc           3%         N/A       100%        6


Dungeon Overview and Level Annotations

Branches:
Dungeon (5/15)
 Temple: D:4-7

Altars:


Innate Abilities, Weirdness & Mutations

You have very sharp teeth.
Your uncanny sense of smell can sniff out nearby items.
Your experience applies equally to all skills.


Message History

You block the orc priest's attack.
Unknown command.
You slash the orc priest!
You kill the orc priest!
You barely miss the orc warrior. The orc warrior closely misses you.
The orc warrior hits you with a +0 halberd!
* * * LOW HITPOINT WARNING * * *
Unknown command.
You closely miss the orc warrior.
The orc warrior is lightly wounded.
You block the orc warrior's attack.
You hit the orc warrior.
The orc warrior is moderately wounded.
You block the orc warrior's attack.
You completely miss the orc warrior.
The orc warrior is moderately wounded.
The orc warrior hits you but does no damage.
The orc warrior hits you with a +0 halberd.
* * * LOW HITPOINT WARNING * * *
Unknown command.
You feel very mighty all of a sudden. You block the orc warrior's attack.
You hit the orc warrior.
The orc warrior is heavily wounded.
The orc warrior barely misses you.
You closely miss the orc warrior.
The orc warrior is heavily wounded.
The orc warrior hits you with a +0 halberd.
* * * LOW HITPOINT WARNING * * *
You slash the orc warrior!
The orc warrior is severely wounded.
The orc warrior closely misses you. You block the orc warrior's attack.
You hit the orc warrior.
The orc warrior is almost dead.
The orc warrior hits you with a +0 halberd.
* * * LOW HITPOINT WARNING * * *
You closely miss the orc warrior.
The orc warrior is almost dead.
The orc warrior hits you with a +0 halberd!!
You die...

...#........
.......#####...# .#
#....### ##.... #.
#.....## #.....##.#
#......## ......#.#
).......#...#(.....#
........... #.....#
.##.......# ##.()..#
.#####....###..(@).##
..## #.....#...)o...#
...###..........(...##
...).#...............#
..##.................#
.####......#.........#
.# ###..######...##.#
.# #..# ##....####
#######.## ##........#


You could see an orc warrior.

Vanquished Creatures
  Prince Ribbit (D:5)
  Eustachio (D:5)
  An ice beast (D:5)
  2 sky beasts (D:4)
  2 ogres (D:5)
  A necrophage (D:5)
  2 scorpions (D:5)
  A wyvern zombie (D:5)
  A water moccasin skeleton (D:5)
  4 hounds (D:5)
  An orc priest (D:5)
  An iguana (D:5)
  2 orc wizards
  4 gnolls (D:5)
  3 adders
  A worm (D:5)
  2 dart slugs
  14 orcs
  6 endoplasms
  3 giant cockroaches
  5 goblins
  12 hobgoblins
  5 jackals
  6 quokkas
  5 ball pythons
  3 bats (D:2)
  5 frilled lizards
  7 kobolds
  4 rats
105 creatures vanquished.

Notes
Turn   | Place    | Note
-------+----------+-------------------------------------------
     0 | D:1      | Renzlar the Gnoll Fighter began the quest for the Orb.
     0 | D:1      | Reached XP level 1. HP: 23/23 MP: 1/1
    16 | D:1      | Reached XP level 2. HP: 18/29 MP: 2/2
   244 | D:1      | Found a faded altar of an unknown god.
   255 | D:1      | Reached XP level 3. HP: 35/35 MP: 3/3
   753 | D:2      | Reached skill level 1 in Invocations
   819 | D:2      | Reached skill level 1 in Short Blades
   819 | D:2      | Reached skill level 1 in Long Blades
   819 | D:2      | Reached skill level 1 in Maces & Flails
   819 | D:2      | Reached skill level 1 in Polearms
   819 | D:2      | Reached skill level 1 in Staves
   819 | D:2      | Reached skill level 1 in Slings
   819 | D:2      | Reached skill level 1 in Bows
   819 | D:2      | Reached skill level 1 in Crossbows
   819 | D:2      | Reached skill level 1 in Throwing
   819 | D:2      | Reached skill level 1 in Dodging
   819 | D:2      | Reached skill level 1 in Stealth
   819 | D:2      | Reached skill level 1 in Unarmed Combat
   819 | D:2      | Reached skill level 1 in Spellcasting
   819 | D:2      | Reached skill level 1 in Evocations
  1014 | D:2      | Reached XP level 4. HP: 41/41 MP: 5/5
  1416 | D:3      | Reached skill level 1 in Conjurations
  1416 | D:3      | Reached skill level 1 in Hexes
  1416 | D:3      | Reached skill level 1 in Summonings
  1416 | D:3      | Reached skill level 1 in Necromancy
  1416 | D:3      | Reached skill level 1 in Translocations
  1416 | D:3      | Reached skill level 1 in Transmutations
  1416 | D:3      | Reached skill level 1 in Fire Magic
  1416 | D:3      | Reached skill level 1 in Ice Magic
  1416 | D:3      | Reached skill level 1 in Air Magic
  1416 | D:3      | Reached skill level 1 in Earth Magic
  1416 | D:3      | Reached skill level 1 in Poison Magic
  1700 | D:3      | Reached XP level 5. HP: 40/47 MP: 5/7
  2089 | D:4      | Noticed a sky beast
  2100 | D:4      | Killed a sky beast
  2101 | D:4      | Reached XP level 6. HP: 37/53 MP: 8/8
  2492 | D:4      | Noticed a sky beast
  2502 | D:4      | Killed a sky beast
  2503 | D:4      | Reached skill level 5 in Axes
  3043 | D:5      | Entered Level 5 of the Dungeon
  3052 | D:5      | Noticed a necrophage
  3062 | D:5      | Killed a necrophage
  3098 | D:5      | Reached XP level 7. HP: 53/59 MP: 10/10
  3609 | D:5      | Noticed Eustachio
  3652 | D:5      | Killed Eustachio
  3832 | D:5      | Reached XP level 8. HP: 62/67 MP: 12/12
  4103 | D:5      | Noticed Prince Ribbit
  4112 | D:5      | Killed Prince Ribbit
  4618 | D:5      | HP: 1/67 [orc warrior (4)]
  4619 | D:5      | Demolished by an orc warrior

Illustrated notes

Levels and vault maps discovered:
D:1:      minmay_arrival_four_circles, layout_rooms,
          hellmonk_ecumenical_altar_dog_temple, chequers_mini_garden
D:2:      layout_basic, grunt_ministairs_5
D:3:      layout_basic, serial_curves, eino_curves_04, eino_curves_04
D:4:      layout_cave_pods
D:5:      layout_layer_cave, kennysheep_generic_room_7, uniq_prince_ribbit1,
          uniq_eustachio

Skill      XL: |  1  2  3  4  5  6  7  8 |
---------------+-------------------------+-----
Invocations    | 1 2 3 |  3.9
Short Blades   | 1 2 3 |  3.5
Long Blades    | 1 2 3 |  3.5
Maces & Flails | 1 2 3 |  3.5
Polearms       | 1 2 3 |  3.5
Staves         | 1 2 3 |  3.5
Slings         | 1 2 3 |  3.5
Bows           | 1 2 3 |  3.5
Crossbows      | 1 2 3 |  3.5
Throwing       | 1 2 3 |  3.5
Dodging        | 1 2 3 |  3.5
Stealth        | 1 2 3 |  3.5
Unarmed Combat | 1 2 3 |  3.5
Spellcasting   | 1 2 3 |  3.5
Evocations     | 1 2 3 |  3.5
Conjurations   | 1 2 |  2.9
Hexes          | 1 2 |  2.9
Summonings     | 1 2 |  2.9
Necromancy     | 1 2 |  2.9
Translocations | 1 2 |  2.9
Transmutations | 1 2 |  2.9
Fire Magic     | 1 2 |  2.9
Ice Magic      | 1 2 |  2.9
Air Magic      | 1 2 |  2.9
Earth Magic    | 1 2 |  2.9
Poison Magic   | 1 2 |  2.9
Axes           | 5 |  5.9
Fighting       | 7 |  7.5
Armour         | 7 |  7.5
Shields        | 7 |  7.5

Action                   |  1- 3 |  4- 6 |  7- 9 || total
-------------------------+-------+-------+-------++-------
Melee: War axe           |    99 |   127 |   102 ||   328
       Bite              |     9 |    11 |    12 ||    32
 Fire: Hunting sling     |       |     4 |    39 ||    43
Throw: Stone             |       |     4 |       ||     4
  Use: Scroll            |     4 |     7 |       ||    11
       Potion            |       |       |     1 ||     1
Armor: Scale mail        |    54 |    30 |    55 ||   139
       Chain mail        |       |    15 |       ||    15
Dodge: Dodged            |    36 |    29 |    58 ||   123
Block: Kite shield       |    59 |    57 |    91 ||   207
